[Event "*** Titled Tuesday Blitz"]
[Site "Chess.com"]
[Date "2020.05.05"]
[Round "6"]
[White "Akhayan"]
[Black "sergeikim"]
[Result "0-1"]
[WhiteElo "2313"]
[BlackElo "2473"]
[TimeControl "180+1"]
[EndTime "11:07:51 PDT"]
[Termination "sergeikim won by resignation"]

1. d4 Nf6 2. Nf3 g6 3. g3 Bg7 4. Bg2 d6 5. O-O O-O 6. c4 Nbd7 7. Nc3 e5 8. e4 exd4 9. Nxd4 Re8 10. Re1 Nc5 11.
h3 c6 12. Kh2 a5 13. Bf4 Nh5 14. Be3 a4 15. Rc1 Qa5 16. Nde2 Bf8 17. Nf4 Nf6 18.
Bd4 Nfd7 19. b3 axb3 20. axb3 Ne5 21. Nce2 Qb4 22. Rb1 Ra2 23. Bc3 Qb6 24. Bd4 Qb4 25. Bc3 Qa3 26. Qd4 Nxb3 27. Qb6 Nc5 28. Bb4 Qa6 29.
Qxa6 Nxa6 30. Bc3 Nxc4 31. Nd3 Ne5 32. Nec1 Nxd3 33. Nxd3 Rc2 34. Rec1 Rxc1 35. Rxc1 Nc5 36. Nxc5 dxc5 37. f4 b5 38. Bf6 Be6 39. e5 Bd5 40. g4 c4 41. f5 b4 42. Bf1 c3 43.
Bd3 Bc5 44. Ra1 b3 45. Ra5 Bd4 46. Ra4 Bxe5+ 47. Bxe5 Rxe5 48. f6 Re8 49. Rb4 c2 50. Rb8 Rxb8 0-1

[Event "*** Titled Tuesday Blitz"]
[Site "Chess.com"]
[Date "2020.05.05"]
[Round "6"]
[White "PawnEatingZombie"]
[Black "Caterpiller35"]
[Result "0-1"]
[WhiteElo "2141"]
[BlackElo "2289"]
[TimeControl "180+1"]
[EndTime "11:07:51 PDT"]
[Termination "Caterpiller35 won on time"]

1. d4 Nf6 2. c4 e6 3. Nc3 Bb4 4.
Qc2 O-O 5. e4 d5 6. e5 Nfd7 7.
Bd3 c5 8. Bxh7+ Kh8 9. Nf3 cxd4 10. a3 Be7 11. Nb5 Nxe5 12. Nxe5 a6 13. Nxd4 dxc4 14. Be3 b5 15. Be4 Ra7 16. Ndc6 Nxc6 17. Nxc6 Qc7 18. Nxa7 Bd7 19. O-O f5 20. Bf3 f4 21. Qg6 fxe3 22.
Be4 Kg8 23. fxe3 Bf6 24. Qh7+ Kf7 25. Rxf6+ Kxf6 26. Rf1+ Ke5 27. Rxf8 Qxa7 28. Rf3 Be8 29. Bb1 Qd7 30. Qe4+ Kd6 31. h3 Ke7 32. Qf4 Qd1+ 33. Kh2 Qxb1 34. Qf8+ Kd7 35. Qxg7+ Kc6 36. Qe5 Bd7 37. Rf6 Qd3 38. Rxe6+ Bxe6 39. Qxe6+ Kc5 40. Qe5+ Kc6 41. Qe6+ Kb7 42. Qe7+ Kb6 43. h4 a5 44. h5 Qf5 45. Qd6+ Kb7 46. h6 Qh5+ 47. Kg3 Qg5+ 48.
Kf3 Qf5+ 49. Qf4 Qh5+ 50. Qg4 Qxh6 51. Qe4+ Kb6 52. Qd4+ Ka6 53. Qc5 Qf6+ 0-1

[Event "*** Titled Tuesday Blitz"]
[Site "Chess.com"]
[Date "2020.05.05"]
[Round "6"]
[White "CalinGheorghiu"]
[Black "talaicito"]
[Result "0-1"]
[WhiteElo "2384"]
[BlackElo "2214"]
[TimeControl "180+1"]
[EndTime "11:07:52 PDT"]
[Termination "talaicito won on time"]

1. e4 e6 2. d4 d5 3. Nc3 Nf6 4. e5 Nfd7 5. f4 c5 6. Nf3 Nc6 7.
Be3 Be7 8. Qd2 O-O 9. dxc5 Nxc5 10. O-O-O a6 11. Qf2 Qa5 12. Kb1 Na4 13. Nxa4 Qxa4 14. Nd4 Bd7 15. Bd3 Nb4 16. a3 Nxd3 17. Rxd3 b5 18. f5 exf5 19. Nxf5 Bxf5 20. Qxf5 b4 21. axb4 Bxb4 22. Bd4 Rfc8 23. Rg3 Bf8 24. Rd1 Qc6 25. e6 Qxe6 26. Qg5 g6 27. Rh3 Qe4 28. Rd2 Rc6 29. Rh4 Qe1+ 30. Ka2 Rc4 31. b3 Rxd4 32. Rdxd4 Rc8 33. Qd2 Qe6 34. Kb1 Bg7 35. Rxd5 Re8 36. Rd8 Bf6 37. Rxe8+ Qxe8 0-1

[Event "*** Titled Tuesday Blitz"]
[Site "Chess.com"]
[Date "2020.05.05"]
[Round "6"]
[White "UmutErdemGunduz"]
[Black "Reader777"]
[Result "1/2-1/2"]
[WhiteElo "2418"]
[BlackElo "2590"]
[TimeControl "180+1"]
[EndTime "11:07:53 PDT"]
[Termination "Game drawn by repetition"]

1. e4 c5 2. Nf3 d6 3. d4 cxd4 4. Nxd4 Nf6 5. f3 e5 6. Nb3 Be7 7. c4 a5 8. Be3 O-O 9. Nc3 a4 10. Nc1 Qa5 11. Qd2 Nc6 12. Be2 Be6 13. b3 axb3 14. Nxb3 Qd8 15. Nd5 Bxd5 16. cxd5 Na5 17. O-O Nxb3 18. axb3 Nd7 19. Qb4 Qc7 20. Rfc1 Rxa1 21.
Rxa1 Rc8 22. Rc1 Qb8 23. Rxc8+ Qxc8 24. Qb5 h6 25. Bf1 Bg5 26. Bf2 Nf8 27. h4 Be7 28.
b4 Ng6 29. g3 Qc3 30. h5 Nf8 31. Qxb7 Bg5 32. Be2 Be3 33. Bxe3 Qxe3+ 34. Kf1 Qd4 35. Qb5 Nh7 36. Qc4 Qa1+ 37. Kg2 Nf6 38. b5 Qb2 39. g4 Nd7 40. Qc8+ Kh7 41. Qxd7 Qxe2+ 42. Kg3 Qe1+ 43. Kg2 Qe2+ 44. Kg3 Qe1+ 45. Kg2 Qe2+ 1/2-1/2

[Event "*** Titled Tuesday Blitz"]
[Site "Chess.com"]
[Date "2020.05.05"]
[Round "6"]
[White "Filip_Covic"]
[Black "kungmongmanh"]
[Result "1/2-1/2"]
[WhiteElo "2358"]
[BlackElo "2558"]
[TimeControl "180+1"]
[EndTime "11:07:53 PDT"]
[Termination "Game drawn by repetition"]

1. d4 Nf6 2. c4 e6 3. Nf3 Bb4+ 4. Bd2 Qe7 5. g3 O-O 6. Bg2 Bxd2+ 7. Qxd2 d6 8. O-O e5 9. Nc3 Re8 10. d5 a5 11. b3 h6 12. a3 e4 13. Nd4 e3 14. fxe3 Qxe3+ 15. Qxe3 Rxe3 16. Rf3 Re5 17. Re1 Na6 18. e4 Bg4 19. Rfe3 Rae8 20. h3 Bd7 21.
Nf3 R5e7 22. e5 dxe5 23. Rxe5 Kf8 24. Kf2 Nc5 25. Rxe7 Rxe7 26. Rxe7 Kxe7 27. Nd4 g6 28. Ke3 h5 29. b4 axb4 30. axb4 Na6 31. Na2 Ba4 32.
c5 Be8 33. d6+ cxd6 34. Bxb7 dxc5 35. Bxa6 cxd4+ 36. Kxd4 Kd6 37. Nc3 Bd7 38. Bf1 Ne8 39.
Ne4+ Ke7 40. Kc5 Nc7 41. b5 Ne6+ 42. Kd5 Nc7+ 43. Kc5 Ne6+ 44. Kd5 Nc7+ 45. Kc5 1/2-1/2

[Event "*** Titled Tuesday Blitz"]
[Site "Chess.com"]
[Date "2020.05.05"]
[Round "6"]
[White "Rodalquilar"]
[Black "Opening_Prep"]
[Result "0-1"]
[WhiteElo "2627"]
[BlackElo "2361"]
[TimeControl "180+1"]
[EndTime "11:07:55 PDT"]
[Termination "Opening_Prep won on time"]

1. e4 c5 2. Nc3 a6 3. g3 b5 4. Bg2 Bb7 5. d3 e6 6. Nh3 g6 7. O-O Bg7 8. f4 Ne7 9. Qe2 O-O 10. e5 Nbc6 11. Ne4 Nd4 12. Qd1 Bxe4 13. Bxe4 Rb8 14. c3 Ndc6 15. Nf2 d6 16. exd6 Qxd6 17.
Bg2 Nf5 18. Qf3 Nce7 19. Ne4 Qc7 20. Qf2 Rbc8 21. g4 Nd6 22. Ng5 h6 23. Nf3 b4 24.
Bd2 bxc3 25. bxc3 Nd5 26. Ne5 Rb8 27. Rab1 Rxb1 28. Rxb1 c4 29. d4 Rb8 30. Qf1 Rb5 31. a4 Rb3 32. Rxb3 cxb3 33. c4 b2 34. c5 Nb7 35. Qb1 Nxc5 36. dxc5 Qxc5+ 37. Kh1 Qd4 38. Be1 Nxf4 39. Nf3 Qd3 40. Qxb2 Bxb2 0-1

[Event "*** Titled Tuesday Blitz"]
[Site "Chess.com"]
[Date "2020.05.05"]
[Round "6"]
[White "ChelsieMonica"]
[Black "cukus"]
[Result "1/2-1/2"]
[WhiteElo "2352"]
[BlackElo "2502"]
[TimeControl "180+1"]
[EndTime "11:07:55 PDT"]
[Termination "Game drawn by agreement"]

1. c4 e5 2. Nc3 Nc6 3. Nf3 a6 4. e3 Nf6 5. Be2 d5 6. d4 exd4 7. Nxd4 Nxd4 8. Qxd4 c5 9. Qe5+ Be6 10. cxd5 Nxd5 11.
O-O Qf6 12. Qxf6 Nxf6 13. Bf3 O-O-O 14. e4 Bd6 15. Bg5 Kb8 16. Nd5 Be5 17. Rab1 h6 18. Bxf6 gxf6 19. Rfd1 f5 20. b3 fxe4 21. Bxe4 Bd4 22.
Nf4 Bg4 23. Rd3 Rhe8 24. Bh7 Rh8 25. h3 Bd7 26. Be4 Rhe8 27. Bf3 Bf5 28. Rbd1 Bxd3 29. Rxd3 Be5 30. Rxd8+ Rxd8 31. Nd5 Bd4 32. Kf1 Re8 33. Nb6 Kc7 34. Nd5+ Kd6 35. Nb6 Re7 36. Nc8+ Kd7 37. Nxe7 Kxe7 38. Bxb7 a5 39. Bd5 f6 40. Ke2 Kd6 41.
Bc4 Ke5 42. a4 f5 43. Kf3 f4 44. Bd3 Bc3 45. Bh7 Be1 46. Bg8 Bd2 47. Bc4 Bc1 48.
Kg4 Kf6 49. Kh5 Kg7 50. g4 fxg3 51. fxg3 Bd2 52. Kg4 Bc1 53. Kf5 1/2-1/2

[Event "*** Titled Tuesday Blitz"]
[Site "Chess.com"]
[Date "2020.05.05"]
[Round "6"]
[White "eightbyeightchess"]
[Black "svilson23"]
[Result "1/2-1/2"]
[WhiteElo "2404"]
[BlackElo "2259"]
[TimeControl "180+1"]
[EndTime "11:07:56 PDT"]
[Termination "Game drawn by repetition"]

1. e4 c5 2. Nf3 Nc6 3. d4 cxd4 4. Nxd4 e5 5. Nb3 Bb4+ 6. Nc3 Nf6 7. Bc4 O-O 8. O-O Bxc3 9. bxc3 Nxe4 10. Ba3 d6 11. Qd3 Nf6 12. Bxd6 Bf5 13. Qxf5 Qxd6 14. Rad1 Qc7 15.
Nc5 Ne7 16. Qg5 Qxc5 17. Bb3 h6 18. Qh4 Ng6 19. Qg3 Nf4 20. Rfe1 Rad8 21. Qf3 Rxd1 22.
Rxd1 Rc8 23. Qxb7 Qc7 24. Qb5 Rd8 25. Rf1 Ng6 26. c4 Ne4 27. Re1 Nd2 28. h3 Nxb3 29.
cxb3 Qe7 30. c5 Nf4 31. Kh2 Nd5 32. c6 Qc7 33. b4 e4+ 34. g3 e3 35. fxe3 Nc3 36.
Qb7 Rd2+ 37. Kh1 Qxg3 38. Qc8+ Kh7 39. Qf5+ Kh8 40. Qc8+ Kh7 41. Qf5+ Kh8 42. Qc8+ Kh7 1/2-1/2

[Event "*** Titled Tuesday Blitz"]
[Site "Chess.com"]
[Date "2020.05.05"]
[Round "6"]
[White "albano87"]
[Black "MaxVavulin"]
[Result "0-1"]
[WhiteElo "2406"]
[BlackElo "2594"]
[TimeControl "180+1"]
[EndTime "11:07:57 PDT"]
[Termination "MaxVavulin won by resignation"]

1. Nf3 Nf6 2. g3 b6 3. Bg2 Bb7 4. d4 c5 5. c4 cxd4 6. Qxd4 g6 7. O-O Bg7 8. Bg5 d6 9. Nc3 Nbd7 10. Qd2 h6 11. Bf4 Rc8 12. b3 a6 13. Rac1 Nc5 14.
Rfd1 Ne6 15. Nd5 Nxf4 16. Nxf6+ Bxf6 17. Qxf4 Bg7 18. h4 O-O 19. h5 g5 20. Qe3 Qc7 21.
Nd4 Bxg2 22. Kxg2 e6 23. Rc2 Qc5 24. Rcd2 b5 25. cxb5 axb5 26. Nc2 Qxe3 27. Nxe3 d5 28. f4 Rc3 29. Rd3 gxf4 30. gxf4 Rfc8 31. Kf3 b4 32. f5 Kf8 33. fxe6 fxe6 34. Ng4 Ke7 35. e4 Rf8+ 36. Ke3 d4+ 37. Ke2 e5 38. Nf2 Bf6 39. Rg1 Bg5 40.
Rxc3 bxc3 41. Nh3 Be3 42. Rg7+ Kd6 43. Kd3 Rf1 44. b4 Rd1+ 45. Kc4 c2 46. Rg6+ Ke7 47.
Kd5 0-1

[Event "*** Titled Tuesday Blitz"]
[Site "Chess.com"]
[Date "2020.05.05"]
[Round "6"]
[White "Duhless"]
[Black "vladislavkovalev"]
[Result "0-1"]
[WhiteElo "3076"]
[BlackElo "2894"]
[TimeControl "180+1"]
[EndTime "11:07:58 PDT"]
[Termination "vladislavkovalev won by resignation"]

1. d4 Nf6 2. c4 e6 3. Nf3 d5 4. g3 Be7 5. Bg2 O-O 6. O-O dxc4 7. Qc2 a6 8. Rd1 b5 9. Ne5 Nd5 10. b3 cxb3 11. axb3 Bb7 12. Ba3 Bd6 13. Nd2 Qe7 14. Bb2 Nb4 15. Qc3 Bxg2 16. Kxg2 Nd5 17. Qf3 f6 18.
Nd3 f5 19. Nc4 Nd7 20. Na5 N7f6 21. Nc6 Qe8 22. Rdc1 Ne4 23. e3 g5 24. h3 h5 25. Qd1 Bxg3 26. Qe2 Bd6 27. f3 Ng3 28. Qe1 f4 29. e4 Ne3+ 30. Kf2 g4 31. hxg4 hxg4 32. Nce5 gxf3 33. Nxf3 Qh5 34. e5 Be7 35. Qg1 Rf7 36. Rxc7 Ng4+ 37. Ke1 Bb4+ 38. Nxb4 Rxc7 39. d5 Qf5 40. d6 Qe4+ 41. Kd1 Qxf3+ 0-1

[Event "*** Titled Tuesday Blitz"]
[Site "Chess.com"]
[Date "2020.05.05"]
[Round "6"]
[White "drinbet"]
[Black "pooh2012"]
[Result "0-1"]
[WhiteElo "2306"]
[BlackElo "2459"]
[TimeControl "180+1"]
[EndTime "11:07:58 PDT"]
[Termination "pooh2012 won on time"]

1. e4 c5 2. Nf3 Nf6 3. e5 Nd5 4. d4 cxd4 5. Qxd4 Nb6 6. Nc3 Nc6 7. Qe4 d5 8. exd6 Qxd6 9. Bf4 Qb4 10. Qxb4 Nxb4 11.
O-O-O Bf5 12. a3 Nc6 13. Nb5 Rc8 14. Nc7+ Rxc7 15. Bxc7 f6 16. Bxb6 axb6 17. Nd4 Bd7 18. Bc4 e5 19. Ne6 Bxe6 20. Bxe6 Nd4 21. Bd5 Nc6 22. Rd3 Bc5 23. Bxc6+ bxc6 24. Rhd1 Kf7 25. Rd7+ Kg6 26. f3 Be3+ 27. Kb1 h5 28. Rc7 c5 29.
Rdd7 Rh7 30. c4 h4 31. h3 Bh6 32. Kc2 Kf5 33. Kd3 Kf4 34. Ke2 Kg3 35. Kf1 Rh8 36. Rb7 Re8 37. Rd3 Kh2 38. Rxb6 e4 39. fxe4 Rxe4 40. Rb5 Rxc4 0-1

[Event "*** Titled Tuesday Blitz"]
[Site "Chess.com"]
[Date "2020.05.05"]
[Round "6"]
[White "ecwinslow"]
[Black "ZverevLev"]
[Result "0-1"]
[WhiteElo "2219"]
[BlackElo "2071"]
[TimeControl "180+1"]
[EndTime "11:07:58 PDT"]
[Termination "ZverevLev won on time"]

1. e4 a6 2. d4 b5 3. Nf3 Bb7 4. Bd3 e6 5. O-O c5 6. c3 Nc6 7. Nbd2 Nf6 8. Re1 Be7 9. h3 c4 10. Bc2 d5 11. e5 Nd7 12. Nf1 Nb6 13. Ng3 a5 14. Bf4 h6 15. Nh5 Bf8 16. Bg3 b4 17.
Qd2 a4 18. a3 b3 19. Bd1 Ne7 20. Nh4 Ng6 21. Nxg6 fxg6 22. Nf4 Kf7 23. Qe2 Bc8 24. Qg4 Qg5 25. Qxg5 hxg5 26. Ne2 Be7 27. Rf1 Bd7 28. f4 g4 29. hxg4 Rh7 30. Kf2 Rah8 31. Ng1 Rh1 32. Be2 Bh4 33. Bxh4 R8xh4 0-1

[Event "*** Titled Tuesday Blitz"]
[Site "Chess.com"]
[Date "2020.05.05"]
[Round "6"]
[White "bancsoo"]
[Black "Petrosyan_Tigran"]
[Result "1-0"]
[WhiteElo "2734"]
[BlackElo "2533"]
[TimeControl "180+1"]
[EndTime "11:07:59 PDT"]
[Termination "bancsoo won by resignation"]

1. Nf3 d5 2. g3 c6 3. Bg2 Bg4 4. O-O Nd7 5. h3 Bh5 6. d4 e6 7. c4 Ngf6 8. cxd5 exd5 9. Nh4 Bg6 10. Nc3 Be7 11. Nxg6 hxg6 12. Qd3 O-O 13. Bf3 Re8 14.
h4 Bd6 15. Kg2 Qe7 16. Bd2 Ne4 17. Rh1 Ndf6 18. e3 Qe6 19. Rae1 Rad8 20. Bc1 Bb8 21. Ne2 Ng4 22. Ref1 Qf5 23. Bxg4 Qxg4 24. f3 Qe6 25. fxe4 dxe4 26. Qb3 Qxb3 27. axb3 f5 28. h5 gxh5 29. Rxf5 g6 30. Rff1 c5 31. dxc5 Rd3 32. Nf4 Bxf4 33. gxf4 Rxb3 34. f5 Re5 35. fxg6 Rg5+ 36. Kh3 Rxc5 37.
Rhg1 Rbb5 38. Kh4 Kg7 39. Rf7+ Kg8 40. g7 Rf5 41. Rxf5 Rxf5 42. Bd2 Rf3 43. Kxh5 Rh3+ 44. Kg6 b6 45. Rg4 a5 46. Rxe4 Rg3+ 47. Kf6 Rxg7 48.
Re8+ Kh7 49. Re7 Rxe7 50. Kxe7 1-0

[Event "*** Titled Tuesday Blitz"]
[Site "Chess.com"]
[Date "2020.05.05"]
[Round "6"]
[White "ChessWarrior3"]
[Black "Antelacus"]
[Result "0-1"]
[WhiteElo "2042"]
[BlackElo "2272"]
[TimeControl "180+1"]
[EndTime "11:08:00 PDT"]
[Termination "Antelacus won on time"]

1. e4 c5 2. Nf3 d6 3. d4 cxd4 4. Nxd4 Nf6 5. Nc3 a6 6. f3 e6 7.
Be3 Be7 8. Qd2 Qc7 9. a4 Nbd7 10.
g4 Ne5 11. g5 Nfd7 12. Be2 b6 13. h4 Bb7 14. h5 Nc4 15. Bxc4 Qxc4 16. b3 Qc7 17. g6 hxg6 18. h6 gxh6 19. Rxh6 Rxh6 20. Bxh6 Rc8 21. Nde2 Ne5 22. Qe3 Qc5 23. Qxc5 dxc5 24. Kf2 f5 25. Ke3 Kf7 26. Nf4 Rh8 27. Rh1 g5 28. Nfe2 f4+ 29. Nxf4 gxf4+ 30. Kxf4 Ng6+ 31. Kg4 Bf8 32. Bxf8 Rxh1 33. Bd6 Rc1 34. Ne2 Rxc2 35. Ng1 b5 36. Nh3 Rg2+ 37. Kh5 Nf8 38. e5 Bxf3+ 39.
Kh4 Rg4+ 40. Kh5 Rxa4+ 41. Kh6 Rh4+ 42. Kg5 Rxh3 43. Kf4 c4 44. Ke3 cxb3 45. Kd2 b2 46. Kc2 Rh2+ 47. Kc3 b1=Q 48. Bxf8 Rc2+ 49. Kd4 Qd1+ 50.
Ke3 Re2+ 51. Kf4 Qd4+ 0-1

[Event "*** Titled Tuesday Blitz"]
[Site "Chess.com"]
[Date "2020.05.05"]
[Round "6"]
[White "Balla_Tamas"]
[Black "Gerasimenyuk_Miha"]
[Result "1-0"]
[WhiteElo "2566"]
[BlackElo "2356"]
[TimeControl "180+1"]
[EndTime "11:08:01 PDT"]
[Termination "Balla_Tamas won by resignation"]

1. e4 c6 2. d4 d5 3. exd5 Qxd5 4. c4 Qa5+ 5. Nc3 Nf6 6. Bd3 Bg4 7. Nf3 e6 8. h3 Qh5 9. Be2 Nbd7 10. O-O Bd6 11. hxg4 Nxg4 12. g3 Qh3 13. Ne4 Bc7 14. Neg5 Qh5 15.
Nh4 Ndf6 16. Ne4 Rg8 17. Kg2 O-O-O 18. Rh1 Nxe4 19. Bxg4 Qa5 20. Be3 f5 21. Be2 g5 22.
Nf3 f4 23. Bd3 g4 24. Bxe4 gxf3+ 25. Bxf3 fxe3 26. Bg4 exf2 27. Bxe6+ Kb8 28. Bxg8 Rxg8 29. Rh3 Rf8 30. Qe2 Qf5 31. Rf1 Qd7 32. Rxf2 Re8 33.
Qd3 Rg8 34. b3 a6 35. Re2 h5 36. Qe4 Ka7 37. Qe6 Qg7 38. Qe3 Qg4 39. d5+ Bb6 40. Qf3 Qd4 41. Rh1 h4 42. Rxh4 Qg1+ 43. Kh3 Rxg3+ 44.
Qxg3 Qh1+ 45. Kg4 Qd1 46. Qf3 Qg1+ 47. Rg2 Qd4+ 48. Kh3 c5 49. Rxd4 1-0

[Event "*** Titled Tuesday Blitz"]
[Site "Chess.com"]
[Date "2020.05.05"]
[Round "6"]
[White "oneshot007"]
[Black "ZarinaShafigullina"]
[Result "0-1"]
[WhiteElo "2396"]
[BlackElo "2255"]
[TimeControl "180+1"]
[EndTime "11:08:01 PDT"]
[Termination "ZarinaShafigullina won by resignation"]

1. e4 c5 2. Nf3 Nc6 3. Nc3 Nf6 4. d4 cxd4 5. Nxd4 e5 6. Ndb5 d6 7. Nd5 Nxd5 8. exd5 Nb8 9. a4 Be7 10. Be2 O-O 11.
O-O f5 12. f4 Nd7 13. Kh1 Kh8 14. fxe5 Nxe5 15. Nd4 Bd7 16. Bf4 Ng6 17. Bd2 Qb6 18. Bc3 Rac8 19. a5 Qc5 20. Nb3 Qc7 21. Bh5 Ne5 22. Nd2 Bf6 23. Be2 a6 24. Qe1 Rce8 25. Qg3 Ng6 26. Bxf6 Rxf6 27. c4 Rxe2 28. Nf3 Qxc4 29.
Rac1 Qg4 30. Rc7 Qxg3 31. hxg3 Bb5 32. Nd4 Rxb2 33. Rxf5 h6 34. Kh2 Ne5 35. Rxf6 gxf6 36. Nf5 Ng4+ 37. Kh3 Nf2+ 38. Kh4 Ne4 39. Kh5 Rxg2 40.
Kg6 Be8+ 41. Kxh6 Rh2+ 42. Nh4 Nxg3 43. Rh7+ Kg8 44. Rg7+ Kf8 0-1

[Event "*** Titled Tuesday Blitz"]
[Site "Chess.com"]
[Date "2020.05.05"]
[Round "6"]
[White "AnishGiri"]
[Black "ChessWarrior7197"]
[Result "0-1"]
[WhiteElo "3047"]
[BlackElo "2874"]
[TimeControl "180+1"]
[EndTime "11:08:02 PDT"]
[Termination "ChessWarrior7197 won on time"]

1. e4 c5 2. Nf3 d6 3. d4 cxd4 4. Nxd4 Nf6 5. Nc3 a6 6. Bg5 e6 7. f4 h6 8. Bh4 Qb6 9. a3 Be7 10. Bf2 Qc7 11. Qf3 Nbd7 12. O-O-O b5 13. g4 Bb7 14. h4 Nc5 15. Bd3 d5 16. e5 Nfe4 17. Bxe4 Nxe4 18. Rh3 Rc8 19. Be1 Qb6 20. Qe2 Rc4 21.
Rhd3 Nc5 22. Rf3 Ne4 23. Qe3 b4 24. axb4 Bxb4 25. Nxe4 dxe4 26. Rf1 Bxe1 27. Rfxe1 O-O 28. f5 Bd5 29. f6 Rfc8 30. fxg7 Qc7 31. c3 Qxe5 32.
Qxh6 Qxg7 33. Qxg7+ Kxg7 34. Nc2 R4c5 35. Ne3 Bc6 36.
Rf1 Rc7 37. Rd8 Bb5 38. Rf2 a5 39. g5 a4 40. Ng4 a3 41. Nf6 Rc8 42. Rxc8 Rxc8 43. bxa3 Rxc3+ 44. Kb2 e3 45. Rh2 Rd3 46. Kc2 Rxa3 47. Rh1 e2 48. Kd2 Rd3+ 49. Kc2 Rd1 50. Nh5+ Kf8 0-1

[Event "*** Titled Tuesday Blitz"]
[Site "Chess.com"]
[Date "2020.05.05"]
[Round "6"]
[White "quesfr"]
[Black "szefru"]
[Result "1-0"]
[WhiteElo "2251"]
[BlackElo "2090"]
[TimeControl "180+1"]
[EndTime "11:08:02 PDT"]
[Termination "quesfr won by checkmate"]

1. e4 Nf6 2. Nc3 d5 3. e5 Nfd7 4. f4 e6 5. Nf3 c5 6. d4 Nc6 7. Be3 Qb6 8. Na4 Qa5+ 9. c3 cxd4 10. b4 Nxb4 11. cxb4 Bxb4+ 12. Bd2 Bxd2+ 13. Nxd2 b5 14. Nb2 Nc5 15. Be2 Ne4 16. Bf3 Nc3 17. Qc2 Qb6 18. Nd3 Bb7 19. O-O O-O 20. Nb3 Ne4 21. Qb2 a5 22.
Qxd4 Qd8 23. Nbc5 Nxc5 24. Nxc5 Bc6 25. f5 exf5 26. Rad1 Qg5 27. e6 f6 28. e7 Rfe8 29.
Bxd5+ Bxd5 30. Qxd5+ Kh8 31. Qxa8 Qe3+ 32. Kh1 Qxe7 33.
Qc6 h6 34. h3 Qf7 35. Rfe1 Rxe1+ 36. Rxe1 Qxa2 37. Qe8+ Kh7 38. Nd7 Qd2 39. Nxf6+ gxf6 40. Re7# 1-0

[Event "*** Titled Tuesday Blitz"]
[Site "Chess.com"]
[Date "2020.05.05"]
[Round "6"]
[White "Dinamo81"]
[Black "Korona_91"]
[Result "0-1"]
[WhiteElo "2640"]
[BlackElo "2463"]
[TimeControl "180+1"]
[EndTime "11:08:03 PDT"]
[Termination "Korona_91 won by resignation"]

1. d4 g6 2. e4 Bg7 3. Nc3 d6 4. Be3 Nd7 5. Qd2 c6 6. Nf3 Ngf6 7. h3 Qc7 8. Bd3 b5 9. O-O Bb7 10. a4 a6 11. Rfe1 O-O 12. Bh6 e5 13. dxe5 dxe5 14. Be3 Rad8 15. Qe2 Nh5 16. g3 b4 17. Nb1 c5 18.
Nbd2 a5 19. Nc4 f5 20. Bg5 Rde8 21. Rad1 h6 22. Bc1 Ndf6 23. Nd6 fxe4 24. Nxe4 Nxe4 25.
Bxe4 Bxe4 26. Qxe4 Qf7 27. Kg2 Nf6 28. Qe2 e4 29. Nh2 h5 30. Be3 Re5 31. Nf1 Rf5 32. Rd2 Nd5 33. Red1 Nxe3+ 34. Nxe3 Rf3 35. Rf1 Bd4 36.
Nd1 e3 37. Rd3 Qd5 38. Kh2 c4 39. Rxd4 Qxd4 40. Nxe3 Qxe3 41. fxe3 Rxf1 42. Qxc4+ Kh7 43. g4 h4 0-1

[Event "*** Titled Tuesday Blitz"]
[Site "Chess.com"]
[Date "2020.05.05"]
[Round "6"]
[White "salomez"]
[Black "mortngabriel"]
[Result "1-0"]
[WhiteElo "2242"]
[BlackElo "2440"]
[TimeControl "180+1"]
[EndTime "11:08:03 PDT"]
[Termination "salomez won on time"]

1. e4 c5 2. Nf3 a6 3. c3 g6 4. Bc4 Bg7 5. d4 cxd4 6. cxd4 d5 7. Bxd5 Nf6 8. Bb3 Nxe4 9. Nc3 Nxc3 10. bxc3 O-O 11. O-O Nc6 12. Re1 Na5 13. Bg5 Re8 14.
h3 b5 15. Bh4 Nxb3 16. Qxb3 Bb7 17. Ne5 Qd5 18. Qxd5 Bxd5 19. a4 Rac8 20. axb5 axb5 21.
Ra3 Rc7 22. Nd3 e6 23. Nc5 Bf8 24. Bf6 Rec8 25. Ra5 Bc4 26. Rea1 Bg7 27. Bxg7 Kxg7 28. Ra7 h5 29. f4 h4 30. Kf2 Kf6 31. Ke3 Bd5 32.
Kf2 Kf5 33. R7a5 Bc4 34. Ke3 Rc6 35. Rb1 Rb6 36. Rb4 Rc7 37. Rxc4 bxc4 38. Nd7+ 1-0

[Event "*** Titled Tuesday Blitz"]
[Site "Chess.com"]
[Date "2020.05.05"]
[Round "6"]
[White "CastleOasisChess"]
[Black "BIG_Pirate"]
[Result "0-1"]
[WhiteElo "2133"]
[BlackElo "2308"]
[TimeControl "180+1"]
[EndTime "11:08:03 PDT"]
[Termination "BIG_Pirate won by resignation"]

1. d4 d5 2. e3 Nf6 3. Bd3 Bg4 4. f3 Bh5 5. Ne2 e6 6. Nf4 Bg6 7. Nxg6 hxg6 8. O-O Bd6 9. f4 c5 10. c3 Nbd7 11.
Nd2 Rb8 12. Qe2 a6 13. Nf3 Ne4 14. a3 Ndf6 15. Bd2 O-O 16. Ng5 b5 17. Nxe4 dxe4 18.
Bc2 Qd7 19. b4 cxd4 20. exd4 Qb7 21. Rae1 Rbc8 22. Bxe4 Nxe4 23. Qxe4 Qxe4 24. Rxe4 a5 25. Ra1 Ra8 26. Ree1 Ra6 27. g3 Rfa8 28. Bc1 axb4 29. cxb4 Bxb4 30. Re3 Bf8 31. Rb3 b4 32. a4 Rxa4 33.
Rxa4 Rxa4 34. Bd2 Ra3 35. Rxa3 bxa3 36. Bc3 f6 37. Kf2 Kf7 38. Ke2 Ke8 39. Kd3 Kd7 40. Kc4 Kc6 41. h4 Bd6 42. Ba1 Bc7 43. Bc3 Bd6 44.
Ba1 Be7 45. Bc3 f5 46. Ba1 Bd8 47. Bc3 Bb6 48. Ba1 Ba5 0-1

[Event "*** Titled Tuesday Blitz"]
[Site "Chess.com"]
[Date "2020.05.05"]
[Round "6"]
[White "canary2016"]
[Black "LivajaM"]
[Result "0-1"]
[WhiteElo "1915"]
[BlackElo "2271"]
[TimeControl "180+1"]
[EndTime "11:08:03 PDT"]
[Termination "LivajaM won on time"]

1. Nf3 Nf6 2. g3 g6 3. Bg2 Bg7 4. O-O O-O 5. d4 d6 6. c4 c5 7. Nc3 Nc6 8. d5 Na5 9. b3 a6 10. Bb2 Rb8 11. Qc2 b5 12. cxb5 axb5 13. Ne4 Bf5 14.
Bxf6 Bxe4 15. Qxe4 Bxf6 16. Rac1 b4 17. Qd3 Qd7 18.
e4 Qb5 19. Qxb5 Rxb5 20. Rfe1 Bc3 21. Re2 c4 22. bxc4 Nxc4 23. Rb1 Ra5 24. Bf1 Rfa8 25. Kg2 Nb6 26. Rc2 Nd7 27. Bc4 Nc5 28. Re2 f6 29. Ne1 Kg7 30. Nc2 Rxa2 31. Bxa2 Rxa2 32. Kf1 b3 33. Ne3 b2 34. Nc2 Ra1 35. Nxa1 bxa1=Q 36. Rxa1 Bxa1 37. f3 g5 38. Ke1 Be5 39. Kd2 Bd4 40.
h3 h5 41. Re1 Bf2 42. Rb1 Bxg3 43. Rb6 Kf7 44. Rb8 Nd7 45. Rh8 h4 46. Rh7+ Kf8 47. Rh8+ Kg7 48. Re8 Kf7 49. Rh8 Ne5 50. Rh7+ Kf8 51.
Rh8+ Kg7 52. Re8 Kf7 53. Rh8 Nxf3+ 54. Ke3 Ng1 55. Rh7+ Kf8 56. Rh8+ Kg7 57. Re8 Kf7 58. Rh8 Nxh3 59. Rh7+ Kf8 60. Rh8+ Kg7 61. Re8 Kf7 62. Rh8 Nf4 63. Rh7+ Kf8 64. Rh8+ Kg7 65. Re8 Ng6 66. Rc8 Ne5 67. Re8 Kf7 68. Rh8 Bf4+ 69. Ke2 Bg3 70. Rh7+ Kf8 71. Rh8+ Kg7 72. Re8 Ng6 73. Rc8 g4 0-1

[Event "*** Titled Tuesday Blitz"]
[Site "Chess.com"]
[Date "2020.05.05"]
[Round "6"]
[White "Gloomy_Wanderer"]
[Black "MikhailovViacheslav"]
[Result "0-1"]
[WhiteElo "2779"]
[BlackElo "2628"]
[TimeControl "180+1"]
[EndTime "11:08:04 PDT"]
[Termination "MikhailovViacheslav won by resignation"]

1. d4 Nf6 2. Nf3 g6 3. c4 Bg7 4. g3 O-O 5. Bg2 d6 6. O-O Nc6 7. Nc3 Bf5 8. Be3 Ne4 9. Nxe4 Bxe4 10. d5 Bxf3 11. exf3 Ne5 12. Rc1 c5 13. f4 Nd7 14.
b3 a6 15. Qd3 b5 16. h4 Re8 17. h5 bxc4 18. bxc4 Rb8 19. hxg6 hxg6 20. Rc2 Qc8 21.
Bf3 Nf6 22. Kg2 Ng4 23. Bd2 Qf5 24. Qxf5 gxf5 25. Be2 Bd4 26. Bd3 e6 27. dxe6 fxe6 28. Ba5 Re7 29. Re2 Kf7 30. Rfe1 Ree8 31. Bc7 Rb7 32. Ba5 Rh8 33. Kf3 Nxf2 34. Rxf2 Bxf2 35. Kxf2 Rh2+ 36. Ke3 Rxa2 37. Bd8 Rb3 38. Rd1 Rg2 39. Bh4 d5 40. cxd5 exd5 41. Kf3 Rh2 42. Ke3 c4 43. Kd4 Rxd3+ 44. Rxd3 cxd3 45. Kxd3 Ke6 46. Kd4 a5 47. Kc3 0-1

[Event "*** Titled Tuesday Blitz"]
[Site "Chess.com"]
[Date "2020.05.05"]
[Round "6"]
[White "Paladin61"]
[Black "Anton_Demchenko"]
[Result "0-1"]
[WhiteElo "2657"]
[BlackElo "2849"]
[TimeControl "180+1"]
[EndTime "11:08:05 PDT"]
[Termination "Anton_Demchenko won on time"]

1. d4 Nf6 2. c4 d6 3. Nf3 Nc6 4. Nc3 e5 5. g3 Be7 6. Bg2 O-O 7. O-O a5 8. h3 Bf5 9. Nh4 Bd7 10. e3 Re8 11. b3 Qc8 12. Kh2 h6 13. Nf3 Bf8 14.
a3 exd4 15. exd4 Bf5 16. Bb2 Ne4 17. d5 Ne5 18. Nxe5 Nxc3 19. Bxc3 dxe5 20. b4 axb4 21. axb4 Rxa1 22. Qxa1 e4 23. c5 b6 24. Rd1 bxc5 25.
bxc5 e3 26. fxe3 Rxe3 27. Bd4 Re2 28. Re1 Rxg2+ 29. Kxg2 Bxh3+ 30. Kh2 Bf5 31. Qc3 Qa8 32. Qf3 Bg6 33. Kg1 Qa4 34. Bf2 Qc4 35. d6 cxd6 36. cxd6 Bxd6 37. Qe2 Qc7 38. Qf3 Kh7 39. Qe3 Bb4 40.
Rd1 Be7 41. Rc1 Qd7 42. Qe2 Bg5 43. Rd1 Qh3 44. Re1 Qd7 45. Qf3 Qa4 46. Qe3 Bxe3 0-1